AoeStats
← EGthe@2nd

Hideout

510027368Analyzed
1v1 RM · 2d ago on Sep 29, 2026· 59m 18s· 2 players
Game mode
Random Map
Map size
Tiny (2 player)
Population
200
Speed
Normal
Resources
Standard
Victory
Conquest
Starting age
Dark Age
Ending age
Imperial Age
RankedLock teamsTeams togetherTeam positionsShared explorationLock speedFull tech treeHidden civsTurbo modeCheats
Victory
Defeat
🇺🇸 Dravidians · United States
675
+14
🇺🇸 Bohemians · United States
639
-14
EGthe@2nd
12:19 Feudal Age
12:56 Double-Bit Axe
12:56 Horse Collar
19:56 Castle Age
20:08 Castle Age
22:46 Bow Saw
26:50 Chemistry
27:40 Ballistics
27:32 Masonry
27:50 Fortified Wall
33:08 Imperial Age
31:18 Wheelbarrow
30:30 Town Watch
31:09 Heavy Plow
32:09 Fervor
31:24 Pikeman
32:05 Squires
32:43 Wagenburg Tactics
33:30 Hand Cart
33:17 Town Patrol
35:47 Halberdier
36:21 Fletching
36:32 Padded Archer Armor
36:42 Forging
36:32 Scale Mail Armor
40:10 Bodkin Arrow
40:30 Leather Archer Armor
40:50 Iron Casting
40:31 Chain Mail Armor
41:37 Theocracy
40:59 Herbal Medicine
41:56 Conscription
PB&Jellyfish
1:00 Loom
10:35 Feudal Age
11:11 Double-Bit Axe
11:10 Horse Collar
17:03 Town Watch
20:09 Castle Age
18:46 Man-at-Arms
19:55 Scale Mail Armor
20:06 Forging
21:00 Bow Saw
20:54 Heavy Plow
20:18 Long Swordsman
22:45 Wheelbarrow
25:46 Gambesons
26:39 Iron Casting
26:33 Hand Cart
26:23 Town Patrol
26:49 Squires
27:24 Chain Mail Armor
28:55 Arson
29:21 Gold Mining
29:27 Stone Mining
29:29 Fletching
33:22 Elite Skirmisher
35:12 Thumb Ring
38:02 Imperial Age
38:36 Siege Elephant
40:19 Conscription
41:05 Blast Furnace
39:48 Two-Handed Swordsman
40:53 Champion
41:47 Murder Holes
41:53 Bodkin Arrow
42:28 Plate Mail Armor
42:01 Padded Archer Armor
45:53 Chemistry
45:13 Ballistics
45:34 Light Cavalry
46:15 Husbandry
47:44 Scale Barding Armor
49:32 Fortified Wall
49:54 Plate Mail Armor
49:40 Leather Archer Armor
51:01 Two-Man Saw
51:06 Bracer
50:42 Onager
53:19 Ring Archer Armor
53:02 Masonry
53:06 Guilds
53:27 Siege Onager
57:27 Chain Barding Armor
57:59 Hoardings
Connection lost

Rejoining the realm…

Still unreachable

The connection could not be restored.

Session expired

The server has moved on; the page needs a fresh start.